Map: Dusk Towers

Players

IIIIIIIIIIII - Winner!

  • Race: Terran Terran
  • League: Grandmaster

Miszu

  • Race: Terran Terran
  • League: Master

VOD

Have the link to the VOD?

Description

Time

  • Played on: March 8, 2016, 7:10 a.m.
  • Length: 11:49
Show
View Real Time Build Order
Export as new Build Order

IIIIIIIIIIII Terran - Winner!

Build Orders: Reaper Expand, Bio Tank 

Get SALT Encoding   

  12  0:01  SCV  
  13  0:13  SCV  
  14  0:18  Supply Depot  
  14  0:25  SCV  
  15  0:39  SCV  
  15  0:42  Barracks  
  16  0:44  Refinery  
  16  0:51  SCV  
  17  1:03  SCV  
  18  1:16  SCV  
  19  1:29  Reaper, Orbital Command  
  20  1:40  Command Center  
  20  1:48  Supply Depot  
  20  1:55  SCV  
  21  2:01  Marine  
  21  2:07  Factory, SCV  
  23  2:16  Refinery  
  23  2:19  Marine  
  23  2:22  SCV  
  25  2:34  SCV  
  26  2:42  Barracks Reactor  
  26  2:46  SCV  
  27  2:53  Orbital Command  
  27  2:56  Starport  
  27  2:57  Widow Mine  
  28  2:59  SCV  
  29  3:11  SCV  
  30  3:19  SCV  
  31  3:20  Marine x2  
  31  3:23  SCV  
  34  3:30  Factory Tech Lab  
  34  3:31  SCV  
  35  3:36  SCV  
  35  3:37  Starport Tech Lab  
  35  3:38  Marine x2  
  38  3:43  Supply Depot, SCV  
  38  3:48  SCV  
  40  3:50  Siege Tank  
  40  3:52  Viking  
  40  3:55  SCV  
  46  4:04  Marine x2, Command Center, SCV  
  46  4:09  SCV  
  50  4:16  SCV  
  51  4:19  Supply Depot  
  51  4:21  SCV  
  51  4:22  Marine x2  
  54  4:34  Barracks  
  54  4:35  Barracks  
  54  4:40  Siege Tank, SCV x2  
  54  4:43  Supply Depot  
  54  4:45  Marine x2  
  60  4:53  SCV x2  
  62  5:00  Refinery  
  62  5:01  Engineering Bay, Refinery  
  62  5:03  Engineering Bay  
  62  5:04  Marine  
  62  5:05  SCV x2  
  65  5:10  Marine  
  66  5:15  Starport Reactor, Siege Tank  
  66  5:17  SCV x2  
  66  5:19  Orbital Command  
  66  5:20  Supply Depot  
  71  5:22  Marine  
  71  5:27  Barracks Tech Lab x2  
  72  5:30  Terran Infantry Weapons Level 1, Terran Infantry Armor Level 1  
  72  5:43  Barracks x2, SCV x2  
  72  5:48  Combat Shields  
  72  5:49  Stimpack  
  74  5:51  Orbital Command  
  74  5:57  SCV x2  
  74  5:59  Marine x4  
  74  6:01  Medivac  
  74  6:03  Medivac  
  83  6:09  SCV x2  
  85  6:13  Supply Depot  
  85  6:14  Supply Depot  
  85  6:17  SCV  
  85  6:21  SCV  
  86  6:30  SCV  
  86  6:31  SCV  
  86  6:32  Barracks Reactor x2  
  88  6:33  Siege Tank  
  88  6:34  SCV  
  88  6:37  Refinery, Armory  
  88  6:39  Refinery  
  92  6:42  Medivac  
  92  6:46  Marine x4  
  96  6:51  SCV x3  
  96  6:54  Supply Depot x2  
  100  6:56  Supply Depot  
  100  6:58  Supply Depot  
  100  7:04  Marine x3  
  100  7:05  Siege Tank, SCV  
  100  7:06  SCV x2  
  109  7:11  Supply Depot  
  109  7:15  Marine x4, Medivac x2  
  117  7:23  Marine x3  
  117  7:25  Factory, Terran Infantry Armor Level 2  
  117  7:29  Barracks Reactor  
  120  7:33  Marine x4  
  120  7:36  SCV x3  
  127  7:38  Terran Infantry Weapons Level 2  
  127  7:41  Marine x3  
  130  7:46  Medivac  
  130  7:51  Marine x4  
  136  7:56  Terran Vehicle Weapons Level 1  
  136  7:58  Marine  
  136  7:59  Marine x2  
  139  8:05  Siege Tank  
  139  8:07  Marine x2  
  139  8:08  Marine x2  
  139  8:10  Supply Depot  
  147  8:13  Supply Depot x2  
  147  8:14  Siege Tank  
  147  8:15  Supply Depot x2  
  149  8:24  Command Center  
  149  8:28  Marine  
  149  8:32  Marine x4  
  153  8:35  Marine x4  
  153  8:37  Medivac x2  
  161  8:42  Siege Tank  
  161  8:46  Marine, Siege Tank  
  168  8:51  Marine  
  168  8:52  Marine x2  
  168  8:55  Marine x5  
  174  9:02  Missile Turret  
  175  9:03  Sensor Tower, Missile Turret  
  175  9:04  Marine, Missile Turret  
  175  9:05  Supply Depot  
  176  9:12  Marine x3  
  176  9:14  Medivac x2  
  176  9:16  Siege Tank  
  186  9:17  Marine  
  186  9:22  Marine  
  186  9:23  Marine  
  189  9:24  Supply Depot  
  189  9:27  Marine x3, Siege Tank  
  189  9:29  Marine  
  196  9:31  Supply Depot  
  196  9:40  Marine  
  196  9:44  Marine x2  
  199  9:47  Marine  
  200  9:58  Marine x3  
  194  10:04  Marine x2  
  195  10:12  Marine x2  
  195  10:13  Marine x2  
  191  10:15  Siege Tank  
  192  10:22  Marine x2  
  192  10:23  Medivac x2  
  198  10:32  Marine x2  
  200  10:49  Marine x2  
  197  11:03  Planetary Fortress  
  197  11:04  Marine  
  197  11:11  Marine x7  
  179  11:12  Marine  
  185  11:22  Marine  
  182  11:27  Barracks  
  182  11:28  Barracks  
  182  11:29  Marine x8  
  179  11:45  Factory  
Show
View Real Time Build Order
Export as new Build Order

Miszu Terran 

Build Orders: Bio Tank 

Get SALT Encoding   

  12  0:01  SCV  
  13  0:13  SCV  
  14  0:21  Supply Depot  
  14  0:25  SCV  
  15  0:42  SCV  
  16  0:48  Barracks  
  16  0:51  Refinery  
  16  0:54  SCV  
  17  1:06  SCV  
  18  1:18  SCV  
  19  1:34  Orbital Command  
  19  1:35  Barracks Reactor  
  19  1:43  Command Center  
  19  1:53  Supply Depot  
  19  2:05  SCV  
  20  2:12  Marine x2  
  20  2:15  Factory  
  22  2:17  Refinery, SCV  
  23  2:29  Marine x2, SCV  
  26  2:41  SCV  
  26  2:47  Marine  
  27  2:53  SCV  
  28  3:00  Starport, Factory Tech Lab  
  29  3:05  SCV  
  29  3:10  Orbital Command  
  29  3:14  Marine x2  
  29  3:17  SCV  
  32  3:21  Siege Tank  
  32  3:25  Supply Depot  
  35  3:29  SCV  
  35  3:32  Marine x2  
  38  3:39  SCV  
  39  3:42  SCV  
  39  3:44  Medivac  
  42  3:51  SCV  
  42  3:52  Supply Depot  
  42  3:54  SCV  
  44  4:03  SCV  
  44  4:05  Engineering Bay  
  44  4:06  SCV  
  46  4:14  Supply Depot, Viking  
  46  4:15  SCV  
  49  4:18  SCV  
  50  4:27  SCV  
  50  4:30  SCV  
  52  4:34  Command Center  
  52  4:39  SCV  
  52  4:42  SCV  
  54  4:48  Marine  
  54  4:49  Marine, Siege Tank  
  54  4:51  SCV  
  60  4:55  SCV  
  61  5:01  Barracks  
  61  5:02  Refinery  
  61  5:03  Barracks  
  61  5:04  Refinery, SCV  
  62  5:13  SCV  
  62  5:14  Starport Reactor, Marine x2  
  64  5:16  SCV  
  66  5:25  SCV  
  66  5:27  Terran Infantry Weapons Level 1  
  66  5:28  Supply Depot, SCV  
  68  5:34  Barracks  
  68  5:36  Barracks  
  68  5:39  SCV  
  70  5:42  SCV  
  70  5:45  Siege Tank, Orbital Command  
  73  5:50  Barracks Tech Lab  
  73  5:51  Barracks Tech Lab, SCV  
  73  5:55  SCV  
  75  5:58  Supply Depot  
  75  6:02  Marine x2  
  75  6:03  Supply Depot  
  75  6:04  SCV  
  78  6:05  Medivac  
  78  6:07  Medivac, SCV  
  83  6:13  Marine, Orbital Command  
  83  6:16  Marine, SCV  
  85  6:20  Marine, Siege Tank  
  85  6:22  Supply Depot  
  89  6:26  Engineering Bay  
  89  6:28  SCV x2  
  89  6:29  Armory  
  91  6:38  SCV  
  92  6:40  SCV  
  92  6:41  Barracks Reactor x2, SCV  
  92  6:42  Combat Shields  
  92  6:43  Stimpack  
  94  6:47  Medivac  
  94  6:50  SCV  
  94  6:52  SCV  
  94  6:53  SCV  
  94  6:54  Supply Depot  
  99  6:57  Supply Depot  
  99  6:58  Marine  
  99  6:59  Marine  
  99  7:00  Marine  
  100  7:02  SCV  
  100  7:04  Refinery, SCV  
  100  7:05  SCV  
  100  7:07  Refinery  
  103  7:13  Marine  
  103  7:14  SCV  
  103  7:15  Marine, Siege Tank  
  108  7:17  Marine  
  108  7:19  Factory, Supply Depot  
  108  7:22  Terran Infantry Armor Level 1  
  110  7:24  Marine x5  
  114  7:33  Terran Infantry Weapons Level 2  
  114  7:35  Terran Vehicle Weapons Level 1  
  114  7:39  Supply Depot  
  114  7:40  Marine x3  
  114  7:41  Supply Depot, Medivac  
  119  7:47  Marine x2  
  119  7:48  Marine x2  
  119  7:50  Marine  
  124  7:53  Sensor Tower  
  124  7:58  Marine x3  
  124  8:03  Siege Tank  
  124  8:04  Factory Tech Lab  
  124  8:05  Marine x2  
  130  8:06  Supply Depot, Marine  
  130  8:07  Supply Depot  
  130  8:08  Supply Depot  
  130  8:11  Marine x2  
  134  8:13  Sensor Tower  
  134  8:16  Marine  
  134  8:17  Missile Turret  
  135  8:21  Marine  
  135  8:22  Marine  
  135  8:23  Reaper  
  135  8:24  Siege Tank  
  141  8:27  Medivac  
  142  8:34  Marine x2  
  142  8:35  Marine, Siege Tank  
  142  8:37  Supply Depot  
  142  8:39  Supply Depot  
  148  8:41  Supply Depot  
  148  8:45  Medivac  
  150  8:51  Marine x4  
  154  8:57  Marine  
  154  8:59  Marine  
  154  9:00  Siege Tank  
  154  9:01  Medivac  
  161  9:07  Siege Tank  
  161  9:09  Missile Turret  
  164  9:15  Medivac, Missile Turret  
  164  9:17  Missile Turret  
  166  9:26  Command Center  
  166  9:27  Marine x2  
  166  9:30  Terran Vehicle Weapons Level 2  
  168  9:33  Siege Tank  
  171  9:43  Siege Tank  
  171  9:45  Medivac  
  175  9:49  Marine  
  175  9:52  Marine  
  173  10:08  Engineering Bay  
  173  10:10  Marine  
  173  10:11  Marine x7  
  178  10:28  Marine x7  
  179  10:33  Marine  
  179  10:34  Siege Tank  
  179  10:35  Siege Tank  
  191  10:46  Marine x7  
  192  11:02  Missile Turret  
  192  11:04  Marine x4  
  192  11:05  Marine x4  
  200  11:16  Missile Turret  
  200  11:18  Missile Turret x3  
  199  11:19  Missile Turret  
  199  11:26  Missile Turret x2  
Tags
 
Add a new tag
Caveats
  • Supply blocks, unpowered buildings, or Contaminate may cause inaccurate times.
  • Supply counts are checked every 10 seconds.